Map: At Eternity's Edge LE

Players

ratgameplay (uThermal)

  • Race: Terran Terran
  • League: Grandmaster
  • Spawn Location: 11:00

Geralt (Gerald) - Winner!

  • Race: Protoss Protoss
  • League: Grandmaster
  • Spawn Location: 5:00

Event: HomeStory Cup XXIX

VOD

Have the link to the VOD?

Description

Time

  • Played on: July 4, 2026, 6:31 a.m.
  • Length: 17:13

All games in this series

Show
View Real Time Build Order
Export as new Build Order

ratgameplay Terran 

Build Orders:  

Get SALT Encoding   

  8  0:00  SCV  
  9  0:12  SCV  
  10  0:24  SCV  
  11  0:36  SCV  
  11  0:39  Supply Depot  
  12  0:48  SCV  
  13  1:00  SCV  
  13  1:02  Barracks  
  14  1:13  SCV  
  15  1:25  SCV  
  16  1:26  Refinery  
  16  1:37  SCV  
  17  1:51  Marine, Orbital Command  
  18  2:08  Command Center  
  18  2:09  Barracks Tech Lab  
  18  2:17  Supply Depot  
  18  2:20  SCV  
  19  2:28  Marauder  
  21  2:30  Concussive Shells  
  21  2:38  SCV  
  22  2:49  Marauder  
  22  2:50  SCV  
  25  2:56  Barracks  
  25  3:02  SCV  
  26  3:06  Barracks  
  26  3:10  Marine  
  27  3:14  SCV  
  28  3:20  Orbital Command  
  28  3:24  Stimpack  
  28  3:28  SCV  
  28  3:31  Marine  
  30  3:40  SCV  
  31  3:44  Refinery  
  31  3:45  Barracks Reactor, SCV  
  32  3:52  SCV  
  32  3:55  Barracks Tech Lab  
  32  3:57  Marauder  
  32  3:58  SCV  
  35  4:04  SCV  
  36  4:10  SCV  
  36  4:14  Supply Depot  
  36  4:16  SCV  
  37  4:17  Marine  
  37  4:22  SCV  
  38  4:26  Marine x2, Combat Shield  
  38  4:28  SCV  
  38  4:29  Marine  
  42  4:35  SCV  
  42  4:36  Supply Depot  
  43  4:40  SCV  
  43  4:42  Marauder  
  43  4:43  Engineering Bay  
  46  4:47  SCV  
  46  4:52  SCV  
  48  4:53  Marine x2, Bunker  
  48  4:57  Marine  
  48  4:59  SCV  
  52  5:00  Supply Depot  
  52  5:06  Factory  
  52  5:07  SCV  
  52  5:09  Marine  
  52  5:11  Missile Turret  
  52  5:14  SCV  
  55  5:19  Supply Depot, SCV  
  55  5:20  Marine  
  57  5:25  Terran Infantry Weapons Level 1  
  57  5:26  SCV  
  58  5:30  Marine x2  
  58  5:31  SCV  
  58  5:32  Marine, Supply Depot  
  62  5:38  SCV  
  62  5:39  Refinery  
  62  5:41  Refinery  
  62  5:42  Marine  
  64  5:44  SCV  
  64  5:48  Marine  
  66  5:50  SCV  
  66  5:56  SCV  
  67  6:02  SCV, Marine  
  67  6:03  Marauder  
  65  6:08  SCV, Factory Reactor  
  65  6:09  Starport, Marine  
  65  6:10  Marauder  
  63  6:14  SCV  
  64  6:20  Marine  
  64  6:23  SCV  
  64  6:24  Barracks x2, Marine  
  67  6:27  Marine  
  67  6:31  Marine  
  69  6:33  SCV  
  69  6:35  SCV  
  69  6:36  Supply Depot  
  71  6:42  Marauder  
  71  6:44  Supply Depot  
  73  6:47  Marine  
  73  6:48  Marine  
  73  6:49  Marauder  
  73  6:51  Factory Reactor  
  73  6:52  Medivac x2  
  80  6:55  Supply Depot  
  80  6:56  SCV x2  
  82  7:03  Supply Depot  
  82  7:04  Marauder  
  82  7:05  Marine  
  82  7:06  Missile Turret  
  85  7:09  Supply Depot  
  85  7:10  Marine, Marauder  
  88  7:17  Barracks Tech Lab  
  88  7:18  Barracks Tech Lab  
  88  7:19  Terran Infantry Armor Level 1  
  88  7:22  Medivac x2  
  90  7:23  Marine  
  90  7:25  Marauder  
  90  7:28  Marine, Widow Mine x2  
  100  7:32  Marauder  
  100  7:34  Supply Depot  
  100  7:36  Marine  
  105  7:37  Marauder  
  105  7:41  Marine  
  106  7:47  Marauder  
  107  7:54  Marine x2  
  107  7:55  Command Center, Marauder  
  107  7:58  Widow Mine x2  
  115  8:00  SCV  
  115  8:01  SCV  
  115  8:07  Marine  
  115  8:08  Marauder  
  116  8:15  Medivac, SCV  
  119  8:20  Supply Depot  
  119  8:21  Marine x2, Marauder x2  
  125  8:28  Armory  
  125  8:29  Marine  
  125  8:30  Engineering Bay  
  126  8:35  Medivac  
  126  8:40  SCV, Supply Depot  
  129  8:43  Widow Mine  
  124  8:49  Marine  
  124  8:50  Marauder  
  124  8:52  SCV  
  127  8:59  Widow Mine  
  125  9:05  Medivac  
  125  9:06  Marine  
  125  9:08  Widow Mine  
  127  9:10  SCV  
  127  9:11  Orbital Command  
  128  9:19  Planetary Fortress  
  128  9:23  Widow Mine  
  130  9:27  SCV  
  130  9:28  Marine  
  132  9:39  SCV  
  132  9:40  Terran Infantry Weapons Level 2, Terran Infantry Armor Level 2  
  132  9:41  Marine  
  132  9:44  Marine  
  135  9:49  Missile Turret  
  135  9:50  Widow Mine  
  135  9:52  Widow Mine, Marine  
  135  9:54  Marine x2  
  135  9:56  Medivac  
  140  10:06  Marine, Marauder x2  
  145  10:11  Supply Depot, Widow Mine  
  147  10:14  Marine, Widow Mine  
  147  10:15  Marauder  
  152  10:28  Medivac  
  146  10:29  Marine  
  146  10:30  Marauder  
  146  10:32  Marine x2, Marauder  
  146  10:33  Widow Mine  
  146  10:35  Medivac  
  157  10:36  Marauder  
  151  10:43  Widow Mine  
  151  10:47  Marine  
  141  10:50  Marine, Marauder  
  141  10:51  Marauder  
  141  10:53  Marine  
  141  10:54  Widow Mine  
  145  10:57  Marine  
  145  11:01  Command Center  
  144  11:04  Widow Mine  
  144  11:05  Marine  
  144  11:08  Marine, Barracks  
  144  11:09  Barracks  
  144  11:10  Barracks  
  148  11:11  Marine x2  
  148  11:12  Marine  
  148  11:16  Widow Mine  
  148  11:18  Supply Depot  
  151  11:26  Marine  
  151  11:27  Marauder  
  151  11:30  Medivac  
  141  11:32  Medivac  
  141  11:38  Marine  
  141  11:39  Marauder  
  135  11:42  Marine, Widow Mine, Marauder  
  135  11:44  Marine  
  139  11:48  Marauder  
  139  11:49  Widow Mine  
  141  11:56  Marine  
  141  12:00  Medivac, Marine, Marauder  
  138  12:02  Medivac  
  138  12:04  Marauder  
  138  12:06  Marine  
  138  12:07  Widow Mine  
  136  12:10  Marauder  
  136  12:11  Widow Mine  
  136  12:12  SCV x2, Marine  
  136  12:13  Factory  
  138  12:18  Marauder  
  138  12:21  Marauder  
  140  12:23  Marine x2  
  140  12:24  Marine  
  140  12:25  Marauder  
  140  12:28  Widow Mine  
  147  12:30  Medivac  
  147  12:31  Marauder  
  147  12:32  Marine  
  147  12:35  Medivac  
  147  12:39  Marauder  
  147  12:41  Marine x2  
  147  12:42  Marine  
  147  12:43  Marauder  
  147  12:47  Marauder  
  147  12:56  Marine  
  147  12:57  Marauder  
  140  12:59  Marine  
  140  13:00  Medivac, Widow Mine x3  
  140  13:01  Marauder, Widow Mine  
  140  13:02  Marine  
  140  13:04  Marine  
  140  13:05  Medivac  
  157  13:06  Marine  
  157  13:07  Marine  
  158  13:14  Marine  
  158  13:17  Marine  
  158  13:18  Marine  
  143  13:20  Marine  
  143  13:22  Marauder  
  143  13:23  Marine  
  143  13:24  Marauder  
  143  13:25  Marine  
  150  13:29  Widow Mine x3  
  156  13:35  Marine  
  156  13:36  Marine  
  156  13:37  Marauder  
  156  13:38  Marine  
  156  13:40  Widow Mine, Marine  
  164  13:43  Marine  
  164  13:44  Marauder  
  164  13:45  Marine  
  168  13:53  Marine x2  
  170  13:56  Marine  
  170  13:58  Marauder  
  170  14:01  Marauder  
  174  14:03  Marauder  
  174  14:04  Medivac  
  174  14:05  Marauder  
  174  14:08  Marine  
  174  14:09  Widow Mine  
  180  14:10  Supply Depot  
  180  14:11  Widow Mine, Marine  
  180  14:12  Supply Depot  
  183  14:31  Marine x2  
  183  14:32  Marauder x3  
  183  14:33  Medivac, Widow Mine, Marauder  
  183  14:34  Medivac  
  191  14:40  Widow Mine  
  191  14:44  Marine  
  184  14:52  Marine x3, Widow Mine  
  174  14:53  Marauder x3  
  174  14:55  Marauder  
  170  15:02  Marine  
  170  15:03  Medivac  
  170  15:04  Medivac  
  166  15:10  Marine x2  
  166  15:11  Widow Mine  
  164  15:14  Marine  
  164  15:15  Marauder x2  
  164  15:16  Marine, Widow Mine  
  164  15:19  Marine  
  163  15:27  Orbital Command  
  163  15:28  Marine x2  
  159  15:32  Marine  
  159  15:33  Widow Mine, Marine  
  150  15:36  Marauder x2  
  150  15:37  Widow Mine, Marine  
  149  15:43  Widow Mine  
  149  15:45  Marine  
  149  15:46  Marine  
  151  15:59  Marine  
  151  16:00  Marauder  
  151  16:01  Marine x2  
  151  16:02  Marauder  
  151  16:03  Marine  
  159  16:07  Widow Mine x2  
  143  16:21  Marine, Marauder  
  143  16:23  Marauder  
  134  16:26  Marine x2  
  134  16:30  Widow Mine  
  117  16:35  Orbital Command, Marine  
  117  16:38  Marine  
  110  16:42  Marauder  
  110  16:44  Marine x2, Marauder  
  116  16:48  Widow Mine  
  116  16:53  Marine  
Show
View Real Time Build Order
Export as new Build Order

Geralt Protoss - Winner!

Build Orders: Blink Stalkers 

Get SALT Encoding   

  8  0:00  Probe  
  9  0:12  Probe  
  10  0:24  Probe (Chrono Boost)  
  10  0:27  Pylon  
  12  0:36  Probe (Chrono Boost)  
  12  0:42  Probe (Chrono Boost)  
  13  0:51  Probe  
  13  0:55  Gateway  
  14  1:03  Probe (Chrono Boost)  
  15  1:05  Assimilator  
  15  1:14  Probe (Chrono Boost)  
  16  1:19  Probe (Chrono Boost)  
  17  1:29  Probe  
  18  1:41  Probe  
  18  1:43  Cybernetics Core  
  19  1:53  Probe  
  20  2:01  Nexus  
  20  2:07  Pylon  
  20  2:11  Probe  
  21  2:18  Assimilator  
  21  2:24  Stalker (Chrono Boost)  
  21  2:27  Probe  
  24  2:38  Warp Gate  
  24  2:39  Probe  
  24  2:42  Adept  
  27  2:51  Probe  
  28  3:03  Probe  
  29  3:07  Twilight Council  
  29  3:10  Shield Battery  
  29  3:15  Stalker  
  29  3:17  Probe (Chrono Boost)  
  29  3:19  Probe (Chrono Boost)  
  34  3:28  Probe (Chrono Boost)  
  34  3:32  Probe (Chrono Boost)  
  34  3:33  Probe (Chrono Boost)  
  35  3:40  Probe  
  37  3:43  Pylon, Probe  
  38  3:49  Blink (Chrono Boost)  
  38  3:52  Probe  
  38  3:55  Probe  
  40  4:06  Gateway  
  40  4:08  Gateway  
  40  4:16  Probe  
  41  4:18  Probe  
  41  4:21  Pylon  
  40  4:29  Nexus  
  40  4:30  Probe  
  40  4:31  Probe  
  42  4:38  Stalker  
  44  4:40  Pylon  
  44  4:44  Gateway  
  44  4:45  Probe  
  45  4:49  Probe  
  46  4:57  Probe  
  47  5:01  Probe  
  47  5:02  Forge  
  47  5:03  Stalker  
  47  5:04  Sentry  
  52  5:08  Stalker  
  52  5:10  Probe  
  52  5:13  Probe  
  56  5:21  Shield Battery  
  56  5:22  Probe  
  56  5:24  Pylon  
  56  5:25  Probe  
  58  5:29  Stalker x2  
  58  5:30  Charge (Chrono Boost)  
  58  5:34  Probe  
  63  5:42  Probe  
  64  5:47  Stalker x2  
  60  6:07  Probe x3  
  60  6:08  Protoss Ground Armor Level 1 (Chrono Boost)  
  61  6:13  Zealot x4  
  61  6:17  Gateway  
  69  6:18  Gateway  
  69  6:19  Gateway  
  69  6:21  Gateway  
  69  6:23  Probe (Chrono Boost)  
  69  6:25  Probe x2 (Chrono Boost)  
  72  6:33  Pylon  
  72  6:37  Probe x2 (Chrono Boost)  
  75  6:40  Probe (Chrono Boost)  
  75  6:44  Probe (Chrono Boost)  
  75  6:45  Pylon  
  75  6:46  Probe (Chrono Boost)  
  77  6:47  Probe (Chrono Boost), Templar Archives  
  77  6:51  Probe  
  79  6:56  Probe  
  79  6:58  Pylon, Zealot x2  
  79  6:59  Probe, Pylon  
  85  7:07  Pylon  
  85  7:15  Probe  
  86  7:17  Probe  
  86  7:18  Psionic Storm  
  86  7:19  Probe  
  88  7:26  Zealot x2  
  88  7:27  Zealot x3  
  98  7:30  Nexus  
  98  7:33  Probe  
  99  7:39  Probe  
  99  7:42  Zealot x2  
  104  7:49  Probe  
  105  7:51  Pylon  
  105  7:53  Pylon  
  105  7:56  Zealot x5  
  115  8:00  Probe  
  115  8:02  Probe  
  106  8:13  High Templar, Zealot x2  
  106  8:14  Probe x2  
  106  8:17  Probe  
  106  8:19  Stalker  
  113  8:20  Zealot x4  
  113  8:26  Probe x2, Protoss Ground Weapons Level 1 (Chrono Boost)  
  123  8:29  Pylon, Probe  
  124  8:34  Pylon  
  124  8:38  Zealot  
  124  8:41  Pylon  
  126  8:47  Probe  
  127  8:50  Nexus  
  127  8:52  Pylon  
  117  9:08  High Templar  
  117  9:09  Zealot x7  
  117  9:10  Probe, Pylon  
  117  9:11  Probe  
  117  9:13  Probe  
  117  9:15  Gateway  
  120  9:17  Gateway  
  120  9:18  Forge  
  120  9:20  Probe  
  120  9:21  Assimilator  
  120  9:23  Pylon  
  121  9:24  Gateway, Assimilator  
  121  9:26  Gateway, Robotics Facility  
  121  9:32  Probe  
  121  9:34  Probe  
  123  9:39  Zealot x7  
  123  9:42  Nexus  
  123  9:45  High Templar  
  139  9:46  Probe  
  139  9:47  Pylon  
  140  10:01  Protoss Ground Armor Level 2 (Chrono Boost)  
  140  10:02  Probe  
  140  10:04  Pylon  
  140  10:06  Zealot x7  
  155  10:12  Probe  
  155  10:17  Probe  
  154  10:27  Stalker  
  148  10:29  Probe x2  
  148  10:32  Stalker x4  
  148  10:33  Zealot x3  
  160  10:37  Probe  
  160  10:41  Probe  
  155  10:44  Probe  
  155  10:47  Probe  
  155  10:49  Stalker x3, Probe  
  157  10:53  Probe  
  157  10:56  Probe  
  157  10:59  Nexus, Probe  
  157  11:00  Pylon  
  157  11:01  Probe  
  159  11:05  High Templar  
  159  11:08  Zealot x8  
  159  11:10  Probe  
  178  11:15  Pylon  
  178  11:17  Probe x2  
  180  11:18  Nexus, Pylon  
  180  11:20  Unknown  
  180  11:21  Pylon  
  180  11:24  Probe  
  179  11:28  Probe  
  164  11:38  Probe  
  164  11:39  Probe  
  156  11:42  Stalker x3  
  156  11:43  Stalker x2, Photon Cannon, Zealot x7  
  156  11:44  Shield Battery  
  156  11:45  Pylon  
  156  11:46  Stargate  
  166  12:03  Probe  
  166  12:05  Zealot x5  
  166  12:06  Stalker x3  
  183  12:13  Probe (Chrono Boost)  
  184  12:16  Probe (Chrono Boost)  
  184  12:17  Warp Prism (Chrono Boost)  
  184  12:21  Probe (Chrono Boost)  
  184  12:22  Probe x2 (Chrono Boost)  
  190  12:26  Protoss Ground Armor Level 3 (Chrono Boost)  
  182  12:43  High Templar  
  182  12:44  Zealot x9  
  194  13:00  Stalker  
  194  13:01  Stalker, Warp Prism  
  162  13:21  Probe, Zealot  
  162  13:22  Zealot x9  
  183  13:27  Void Ray (Chrono Boost)  
  183  13:32  High Templar  
  183  13:33  Protoss Ground Weapons Level 2 (Chrono Boost)  
  189  13:35  Nexus  
  189  13:37  Pylon  
  181  13:56  High Templar, Zealot x9  
  194  14:03  Zealot  
  190  14:12  Probe  
  190  14:15  Photon Cannon  
  190  14:16  Photon Cannon  
  191  14:17  Pylon  
  191  14:18  Stalker  
  173  14:39  Nexus  
  173  14:45  Zealot x12  
  197  14:49  Nexus  
  197  14:50  Protoss Shields Level 1 (Chrono Boost), Pylon  
  186  14:56  Probe  
  161  15:01  Pylon  
  161  15:04  Probe  
  161  15:06  Probe  
  153  15:08  Zealot x4  
  153  15:09  Stalker  
  153  15:10  Zealot x7  
  153  15:13  Probe  
  176  15:17  Probe  
  164  15:23  Probe  
  164  15:27  Probe  
  150  15:34  Stalker x4  
  150  15:35  Zealot x8  
  158  15:43  Probe x2  
  160  15:50  Warp Prism (Chrono Boost)  
  160  15:52  Probe, Nexus  
  163  15:59  High Templar x6  
  163  16:00  Zealot x6  
  187  16:04  Archon x3  
  187  16:09  Probe  
  134  16:30  Zealot x6  
  142  16:38  Zealot x6  
  150  16:42  Probe  
  151  16:53  High Templar, Stalker x5  
  163  17:06  Zealot x6  
Tags
 
Add a new tag
Caveats
  • Supply blocks, unpowered buildings, or Contaminate may cause inaccurate times.
  • Supply counts are checked every 10 seconds.